 Dungeon Crawl Stone Soup version 0.25-a0-425-g0e000e855e (webtiles) character file.

Game seed: 11725909547158397316, levelgen mode: deterministic

9 Davosk the Sneak (level 2, 22/22 HPs)
             Began as a Vampire Assassin on Jan 24, 2020.
             Quit the game on level 1 of the Dungeon on July 11, 2020.
             The game lasted 00:02:49 (106 turns).

Davosk the Sneak (Vampire Assassin)                  Turns: 106, Time: 00:02:49

Health: 22/22      AC:  3    Str: 10    XL:     2   Next: 6%
Magic:  2/2        EV: 12    Int: 13    God:
Gold:   11         SH:  0    Dex: 15    Spells: 1/1 levels left

rFire    . . .     SeeInvis +   a - +2 dagger
rCold    . . .     Gourm    .   (no shield)
rNeg     . . .     Faith    .   b - +0 robe
rPois    .         Spirit   .   (no helmet)
rElec    .         Reflect  .   c - +0 cloak
rCorr    .         Harm     .   (no gloves)
MR       .....                  (no boots)
Stlth    +++.......             (no amulet)
HPRegen  0.27/turn              (no ring)
MPRegen  0.08/turn              (no ring)

@: regenerating quickly
A: no food, fangs 3, see invisible, unbreathing
a: Exsanguinate


You were on level 1 of the Dungeon.
You were alive.

You visited 1 branch of the dungeon, and saw 1 of its levels.

You collected 11 gold pieces.

Inventory:

Hand Weapons
 a - a +2 dagger (weapon)
Missiles
 d - 7 poisoned darts (quivered)
 e - 2 curare-tipped darts
Armour
 b - a +0 robe (worn)
 c - a +0 cloak (worn)
Scrolls
 f - a scroll of enchant weapon {unknown}


   Skills:
 + Level 1.9 Fighting
 + Level 2.2 Short Blades
 + Level 1.6 Throwing
 + Level 1.1 Dodging
 + Level 6.5 Stealth


You had one spell level left.
You didn't know any spells.
Your spell library was empty.

Dungeon Overview and Level Annotations

Branches:
Dungeon (1/15)

Altars:


Innate Abilities, Weirdness & Mutations

You do not eat.
Your natural rate of healing is unusually fast.
You have razor-sharp teeth.
You have supernaturally acute eyesight. (SInv)
You can survive without breathing.


Message History

You have reached level 2!
d - 5 poisoned darts (gained 1)
d - 6 poisoned darts (gained 1)
d - 7 poisoned darts (gained 1)
A giant cockroach comes into view.
You see here a scroll labeled NAOMUCA QAFAMN.
Save game and exit? [Y]es or [N]o only, please.
Save game and exit? [Y]es or [N]o only, please.
Save game and exit?
Welcome back, Davosk the Vampire Assassin.
Press ? for a list of commands and other information.
The helpless giant cockroach fails to defend itself.
You impale the giant cockroach!!
You kill the giant cockroach!
No target in view!
Quiver which item? (- for none, * to show all) (? for menu, Esc to quit)
Okay, then.
Are you sure you want to abandon this character and quit the game? (Confirm with "yes".)

........### ..
.......## #.#.#.#
.......# #..(..#
.......## ##.....#
........###......#
.............#.#.#
.............#.#.#
......(......#.#.#
...<.........#.#@#
...............?.#
...............###
.............#.#
........###..#.#
.......## ##....
.......# #..###
.......## #..#
........# ...


There were no monsters in sight!

Vanquished Creatures
  A dart slug (D:1)
  2 giant cockroaches (D:1)
  2 jackals (D:1)
  2 bats (D:1)
7 creatures vanquished.

Notes
Turn   | Place    | Note
-------+----------+-------------------------------------------
     0 | D:1      | Davosk the Vampire Assassin began the quest for the Orb.
     0 | D:1      | Reached XP level 1. HP: 16/16 MP: 1/1
     9 | D:1      | Reached skill level 6 in Stealth
    92 | D:1      | Reached XP level 2. HP: 22/22 MP: 2/2
   106 | D:1      | Quit the game

Levels and vault maps discovered:
D:1:      minmay_arrival_four_circles, layout_loops_ring

Skill      XL: |  1 |
---------------+----+-----
Stealth        | 6 |  6.5
Fighting       | |  1.9
Short Blades   | |  2.2
Throwing       | |  1.6
Dodging        | |  1.1

Action                   || total
-------------------------++-------
Melee: Dagger            ||    12
Throw: Dart              ||    10
 Stab: Sleeping          ||     2
Armor: Robe              ||     7
Dodge: Dodged            ||     9

Table legend:
 A = Non-vault XP
 B = Vault XP
 C = Vault XP percentage of total XP
 D = Non-vault monster count
 E = Vault monster count
 F = Vault count percentage of total count
                 A         B        C        D         E       F
            +---------+---------+-------+---------+---------+-------
      Total |      14 |       0 |   0.0 |       7 |       0 |   0.0
            +---------+---------+-------+---------+---------+-------
        D:1 |      14 |       0 |   0.0 |       7 |       0 |   0.0
            +---------+---------+-------+---------+---------+-------
